 Dungeon Crawl Stone Soup version 0.31-a0-210-gccc998df9b (webtiles) character file.

Game seed: 14724745471495820853

179 qw the Chopper (level 5, -3/32 HPs)
             Began as a Gargoyle Fighter on June 30, 2023.
             Slain by an orc priest
             ... wielding a +0 trident
              (5 damage)
             ... on level 4 of the Dungeon.
             The game lasted 00:01:44 (2663 turns).

qw the Chopper (Gargoyle Fighter)                   Turns: 2663, Time: 00:01:45

Health: -3/32      AC: 10    Str: 21      XL:     5   Next: 59%
Magic:  5/5        EV: 14    Int:  8 (9)  God:
Gold:   160        SH:  4    Dex:  7      Spells: 4/4 levels left

rFire   . . .        Y - +1 war axe (flame)
rCold   . . .        c - +0 buckler
rNeg    + . .        b - +0 scale mail
rPois   inf          (no helmet)
rElec   +            (no cloak)
rCorr   .            (no gloves)
SInv    +            (no boots)
Will    .....        k - amulet of the acrobat Stlth
                     r - +5 ring of evasion
HPRegen 0.25/turn    g - ring of see invisible
MPRegen 0.09/turn

%: acrobat
@: no status effects
A: sickness immunity, AC +4, negative energy resistance 1, electricity
resistance, torment resistance 1, petrification resistance, clumsy 1,
deterioration 1
a: no special abilities


You were on level 4 of the Dungeon.
You visited 1 branch of the dungeon, and saw 4 of its levels.

You collected 160 gold pieces.


Innate Abilities, Weirdness & Mutations

You are immune to sickness and miasma.
Your stone body is resilient. (AC +4)
You are immune to poison.
You resist negative energy. (rN+)
You are resistant to electric shocks. (rElec)
You are resistant to unholy torment.
You are immune to petrification.
You are clumsy. (Dex -2)
Your body sometimes deteriorates upon taking damage.


   Skills:
 + Level 3.2 Fighting
 - Level 5.1 Axes
 - Level 3.2 Armour
 - Level 3.2 Shields


You had 4 spell levels left.
You didn't know any spells.
Your spell library was empty.

Inventory:

Hand Weapons
 Y - a +1 war axe of flaming (weapon)
Armour
 b - a +0 scale mail (worn)
 c - a +0 buckler (worn)
Jewellery
 g - a ring of see invisible (right hand)
 i - a +4 ring of protection
 k - an amulet of the acrobat (around neck)
 r - a +5 ring of evasion (left hand)
Scrolls
 l - a scroll of identify
Potions
 d - a potion of might
 e - 4 potions of enlightenment
 j - a potion of magic
 m - a potion of attraction {unknown}
 o - a potion of heal wounds {unknown}
 q - a potion of degeneration {unknown}

Dungeon Overview and Level Annotations

Branches:
Dungeon (4/15)
 Temple: D:4-7

Altars:
Cheibriados
Makhleb
Nemelex Xobeh
Wu Jian
Xom
The Shining One

Annotations:
D:3 exclusion: 4 sleepcaps


Message History

You hit the iguana but do no damage.
The iguana is heavily wounded.
The orc priest closely misses you. The iguana closely misses you.
You barely miss the iguana.
The iguana is heavily wounded.
You hit the orc wizard. You burn the orc wizard. The orc priest misses you.
The orc wizard hits you but does no damage.
The iguana closely misses you.
An orc zombie comes into view.
The orc priest looks braver for a moment.
You block the orc wizard's attack. The iguana barely misses you.
You slash the iguana! You burn the iguana.
You kill the iguana!
You slash the orc wizard! You burn the orc wizard. The orc wizard misses you.
The orc priest hits you from afar with a +0 trident.
You slash the orc wizard! You burn the orc wizard.
You kill the orc wizard!
The orc priest looks satisfied for a moment.
Your Axes skill increases to level 5!
A mummy and a dart slug come into view.
Found a stone staircase leading up.
The orc priest begins to cast a cantrip, but forgets the words!
The orc misses you.
You see here an iguana corpse.
You barely miss the orc priest. You closely miss the orc.
You hit the hobgoblin zombie. You burn the hobgoblin zombie.
The orc priest hits you with a +0 trident.
Your body deteriorates!
You feel dopey. The orc closely misses you.
You block the hobgoblin zombie's attack.
You slash the hobgoblin zombie! You burn the hobgoblin zombie.
You destroy the hobgoblin zombie!
You hit the orc but do no damage. You slash the orc priest!
You burn the orc priest.
The orc priest looks encouraged for a moment.
The orc misses you.
The orc priest hits you with a +0 trident.
You die...

#.##### .##
#######.##.# ..##
.........#.# ##...#
###...<....###....#
####.........###
###......)..####
................####
............)o......
.............@Z..wM..
.............Zo......
.....................
#####...............
#................
#...#............
....##...........
##...<......


You could see a mummy, an orc priest, a dart slug, an orc and 2 orc zombies.

Vanquished Creatures
  An iguana (D:4)
  A sleepcap (D:3)
  An orc wizard (D:4)
  A gnoll (D:1)
  An adder (D:3)
  2 worms
  A dart slug (D:4)
  An orc (D:3)
  7 ball pythons
  5 bats
  6 endoplasms
  5 giant cockroaches
  7 goblins
  6 hobgoblins
  2 jackals (D:3)
  4 quokkas
  4 frilled lizards
  A hobgoblin zombie (D:4)
  12 kobolds
  8 rats
76 creatures vanquished.

Notes
Turn   | Place    | Note
-------+----------+-------------------------------------------
     0 | D:1      | qw the Gargoyle Fighter began the quest for the Orb.
     0 | D:1      | Reached XP level 1. HP: 14/14 MP: 1/1
     0 | D:1      | 0 ||| qw: Version: 0.3-a-24-ga2abf7b
     0 | D:1      | 0 ||| qw: Game counter: 7072
     0 | D:1      | 0 ||| qw: Melee chars always use a shield: true
     0 | D:1      | 0 ||| qw: God list: Okawaru
     0 | D:1      | 0 ||| qw: Allow faded altars: false
     0 | D:1      | 0 ||| qw: Do Orc after clearing Dungeon:15 true
     0 | D:1      | 0 ||| qw: Do second Lair branch before Depths: true
     0 | D:1      | 0 ||| qw: Lair rune preference: random
     0 | D:1      | 0 ||| qw: Goals: Normal, Zot:1-4, Slime:5, God:TSO, Crypt,
                  | Tomb, Abyss, Pan, Hells, Win
     0 | D:1      | 0 ||| PLANNING D:1-11
    18 | D:1      | Reached skill level 2 in Axes
   109 | D:1      | Reached XP level 2. HP: 13/19 MP: 2/2
   172 | D:1      | 172 ||| FLEEEEING.
   173 | D:1      | 173 ||| FLEEEEING.
   174 | D:1      | 174 ||| FLEEEEING.
   175 | D:1      | 175 ||| FLEEEEING.
   176 | D:1      | 176 ||| FLEEEEING.
   177 | D:1      | 177 ||| FLEEEEING.
   178 | D:1      | 178 ||| FLEEEEING.
   200 | D:1      | 200 ||| Stepping ~*~*~tactically~*~*~ (stealth).
   207 | D:1      | 207 ||| Stepping ~*~*~tactically~*~*~ (stealth).
   210 | D:1      | 210 ||| Stepping ~*~*~tactically~*~*~ (stealth).
   212 | D:1      | 212 ||| Stepping ~*~*~tactically~*~*~ (stealth).
   222 | D:1      | 222 ||| Stepping ~*~*~tactically~*~*~ (stealth).
   385 | D:1      | Reached skill level 3 in Axes
   400 | D:1      | Reached XP level 3. HP: 18/23 MP: 3/3
   436 | D:1      | 436 ||| DROPPING +0 club.
   724 | D:1      | 724 ||| UPGRADING to ring of willpower.
   725 | D:1      | 725 ||| UPGRADING to ring of positive energy.
   726 | D:1      | 726 ||| UPGRADING to ring of see invisible.
   728 | D:1      | 728 ||| UPGRADING to ring of willpower.
   730 | D:1      | 730 ||| READING 2 scrolls labelled MIASAEPIGRO.
   731 | D:1      | 731 ||| READING scroll labelled AVOANLINLE.
   732 | D:1      | 732 ||| READING scroll labelled TOOVVO BADO.
   733 | D:1      | 733 ||| READING scroll labelled ZOXTEZ VUPYFUI.
   734 | D:1      | 734 ||| DROPPING scroll of poison.
   787 | D:2      | 787 ||| Stepping ~*~*~tactically~*~*~ (stealth).
   790 | D:2      | 790 ||| Stepping ~*~*~tactically~*~*~ (stealth).
   791 | D:2      | 791 ||| Stepping ~*~*~tactically~*~*~ (stealth).
   937 | D:2      | 937 ||| DROPPING +0 whip.
  1100 | D:2      | 1100 ||| Stepping ~*~*~tactically~*~*~ (stealth).
  1144 | D:2      | Reached XP level 4. HP: 23/28 MP: 4/4
  1404 | D:2      | 1404 ||| Stepping ~*~*~tactically~*~*~ (stealth).
  1405 | D:2      | 1405 ||| Stepping ~*~*~tactically~*~*~ (stealth).
  1413 | D:2      | 1413 ||| Stepping ~*~*~tactically~*~*~ (stealth).
  1558 | D:2      | 1558 ||| UPGRADING to amulet of the acrobat.
  1563 | D:2      | 1563 ||| UPGRADING to +5 ring of evasion.
  1565 | D:2      | 1565 ||| UPGRADING to ring of see invisible.
  1567 | D:2      | 1567 ||| READING 2 scrolls labelled FIEMEODW XABRU.
  1568 | D:2      | 1568 ||| READING scroll labelled FERECK XIYDWAG.
  1569 | D:2      | 1569 ||| DROPPING +0 mace.
  1570 | D:2      | 1570 ||| READING scroll labelled MEJINL RETASUR.
  1571 | D:2      | 1571 ||| READING scroll labelled GELACE ZI XEMI.
  1590 | D:2      | 1590 ||| READING scroll labelled SEER VUDD.
  1591 | D:2      | 1591 ||| DRINKING 3 glowing orange potions.
  1592 | D:2      | 1592 ||| DRINKING 2 sedimented emerald potions.
  1593 | D:2      | 1593 ||| DRINKING 2 fuming coppery potions.
  1593 | D:2      | Gained mutation: You are frail. (-10% HP) [potion of
                  | mutation]
  1593 | D:2      | Gained mutation: You have large cloven feet. [potion of
                  | mutation]
  1594 | D:2      | 1594 ||| DRINKING potion of mutation.
  1594 | D:2      | Lost mutation: You are frail. (-10% HP) [potion of
                  | mutation]
  1594 | D:2      | Lost mutation: You have large cloven feet. [potion of
                  | mutation]
  1594 | D:2      | Gained mutation: You have hidden genetic defects. [potion
                  | of mutation]
  1603 | D:2      | 1603 ||| DROPPING scroll of fog.
  1657 | D:3      | 1657 ||| Stepping ~*~*~tactically~*~*~ (stealth).
  1663 | D:3      | Reached skill level 4 in Axes
  1794 | D:3      | Found a shimmering altar of Xom.
  1818 | D:3      | Gained mutation: You are clumsy. (Dex -2) [hidden defects]
  1828 | D:3      | Found a snail-covered altar of Cheibriados.
  1828 | D:3      | Found a shimmering altar of Xom.
  1831 | D:3      | Found a burning altar of Makhleb.
  1831 | D:3      | Found an ornate altar of the Wu Jian Council.
  1831 | D:3      | Found a burning altar of Makhleb.
  1900 | D:3      | Found a glowing golden altar of the Shining One.
  1901 | D:3      | 1901 ||| DROPPING ring of willpower.
  1902 | D:3      | 1902 ||| DROPPING ring of positive energy.
  1903 | D:3      | 1903 ||| READING scroll labelled LEAMPO VIRELESICS.
  2134 | D:3      | Gained mutation: Your body sometimes deteriorates upon
                  | taking damage. [hidden defects]
  2134 | D:3      | Lost mutation: You have hidden genetic defects. [hidden
                  | defects expressed]
  2162 | D:3      | Found a sparkling altar of Nemelex Xobeh.
  2543 | D:3      | Reached XP level 5. HP: 30/32 MP: 5/5
  2635 | D:4      | 2635 ||| PLANNING OSSUARY
  2655 | D:4      | HP: 8/32 [iguana (4)]
  2661 | D:4      | Reached skill level 5 in Axes
  2662 | D:4      | HP: 2/32 [orc priest/+0 trident (6)]
  2663 | D:4      | Slain by an orc priest

Levels and vault maps discovered:
D:1:      roderic_octagonal_star, layout_rooms
D:2:      layout_loops_cross, minmay_tromino_v4_a
D:3:      layout_basic, doesnt_xom_only_xom, mainiacjoe_overflow_catwalk_spiral,
          kennysheep_generic_room_15
D:4:      cheibrodos_helix_gallery, layout_layer_cave, okawaru_gym_becter,
          lightli_ossuary_entry_decrepit_ruins, minmay_mini_ossuary,
          uniq_crazy_yiuf_cottage

Skill      XL: |  1  2  3  4  5 |
---------------+----------------+-----
Axes           | 2 3 4 5 |  5.1
Fighting       | |  3.2
Armour         | |  3.2
Shields        | |  3.2

Action                     |  1- 3 |  4- 6 || total
---------------------------+-------+-------++-------
  Melee: War axe           |   127 |    92 ||   219
    Use: Scroll            |     4 |     6 ||    10
         Potion            |       |     4 ||     4
   Stab: Distracted        |       |     1 ||     1
 Armour: Scale mail        |    58 |    24 ||    82
  Dodge: Dodged            |    43 |    52 ||    95
  Block: Buckler           |    14 |    17 ||    31

Table legend:
 A = Non-vault XP
 B = Vault XP
 C = Vault XP percentage of total XP
 D = Non-vault monster count
 E = Vault monster count
 F = Vault count percentage of total count
                 A         B        C        D         E       F
            +---------+---------+-------+---------+---------+-------
      Total |     250 |       7 |   2.7 |      70 |       6 |   7.9
            +---------+---------+-------+---------+---------+-------
        D:1 |      49 |       0 |   0.0 |      24 |       0 |   0.0
        D:2 |      40 |       5 |  11.1 |      24 |       4 |  14.3
        D:3 |      83 |       1 |   1.2 |      18 |       1 |   5.3
        D:4 |      78 |       1 |   1.3 |       4 |       1 |  20.0
            +---------+---------+-------+---------+---------+-------
